 Dungeon Sprint DCSS version 0.19-a0-1401-g902f63d (webtiles) character file.

51 poirepourri the Ruffian (level 3, -1/29 HPs)
             Began as a Draconian Transmuter on Sept 4, 2016.
             Was a Believer of Uskayaw.
             Slain by a gnoll sergeant
             ... wielding a +0 trident
              (12 damage)
             ... in the Dungeon (Sprint IX: "|||||||||||||||||||||||||||||").
             The game lasted 00:02:16 (678 turns).

poirepourri the Ruffian (Draconian Transmuter)       Turns: 678, Time: 00:02:18

Health: -1/29      AC:  4    Str: 12    XL:     3   Next: 57%
Magic:  4/7        EV: 23    Int: 14    God:    Uskayaw [**....]
Gold:   0          SH:  0    Dex: 16    Spells: 3 memorised, 2 levels left

rFire  . . .     SeeInvis .       - Unarmed
rCold  . . .     Gourm    .     (armour unavailable)
rNeg   . . .     Faith    .     (shield currently unavailable)
rPois  x         Spirit   .     (helmet currently unavailable)
rElec  .         Dismiss  .     (cloak currently unavailable)
rCorr  .         Reflect  .     (gloves currently unavailable)
MR     .....     Harm     .     (boots currently unavailable)
Stlth  +......... NoTele   +    (no amulet)
                                q - +2 ring of protection
                                p - +2 ring of evasion

@: spider-form
A: unfitting armour, (cold-blooded), AC +5
a: End Transformation, Stomp, Line Pass, Renounce Religion


You were in the Dungeon.
You worshipped Uskayaw.
Uskayaw was noncommittal.
You were not hungry.
You were a venomous arachnid creature.
You visited 1 branch

Inventory:

Missiles
 a - 12 arrows
Armour
 o - a +0 pair of boots (melded)
Jewellery
 p - a +2 ring of evasion (left front leg)
 q - a +2 ring of protection (right front leg)
Wands
 m - a wand of iceblast (7/15)
Scrolls
 i - 2 scrolls of blinking
 k - 3 scrolls of remove curse
 l - 2 scrolls of amnesia
Potions
 d - 5 potions of curing
 e - a potion of invisibility
 f - a potion of haste
 g - 4 potions of magic
 h - a potion of berserk rage
 j - 2 potions of heal wounds
Books
 b - a book of Changes

   Spells                             Type                      Level
   a - Beastly Appendage              Transmutation                1
   b - Sticks to Snakes               Transmutation                2
   c - Spider Form                    Transmutation/Poison         3
   d - Ice Form                       Ice/Transmutation            4
   e - Blade Hands                    Transmutation                5
Comestibles
 c - a bread ration


   Skills:
 + Level 2.1 Fighting
 + Level 3.2 Dodging
 + Level 5.6 Unarmed Combat
 + Level 3.3 Spellcasting
 + Level 3.1 Transmutations


You had 2 spell levels left.
You knew the following spells:

 Your Spells              Type           Power        Failure   Level  Hunger
a - Beastly Appendage     Tmut           ##....       24%         1    #......
b - Sticks to Snakes      Tmut           ##......     28%         2    ##.....
c - Spider Form           Tmut/Pois      #.........   61%         3    ###....


Dungeon Overview and Level Annotations

Branches:
Dungeon (1/1)

Altars:
Cheibriados
Dithmenos
Elyvilon
Fedhas
Gozag
Hepliaklqana
Kikubaaqudgha
Makhleb
Nemelex Xobeh
Okawaru
Qazlal
Ru
Sif Muna
Trog
Uskayaw
Vehumet
Xom
Yredelemnul
Zin
The Shining One
Beogh
Jiyva
Lugonu


Innate Abilities, Weirdness & Mutations

((Your plain brown scales are hard. (AC +5)))
Your body does not fit into most forms of armour.
((You are cold-blooded and may be slowed by cold attacks.))


Message History

You hit the gnoll sergeant.
Your tail-slap misses the gnoll sergeant.
The gnoll sergeant is moderately wounded.
You can now pass through a line of other dancers.
The gnoll sergeant blocks your attack.
You headbutt the gnoll sergeant.
The gnoll sergeant is moderately wounded.
The gnoll sergeant hits you with a trident!
You barely miss the gnoll sergeant. Your punch misses the gnoll sergeant.
The gnoll sergeant is moderately wounded.
The gnoll sergeant completely misses you.
You closely miss the gnoll sergeant.
The gnoll sergeant is moderately wounded.
The gnoll sergeant closely misses you.
Casting: Beastly Appendage
Confirm with . or Enter, or press ? or * to list all spells.
Your horns disappear.
You turn into a venomous arachnid creature.
Your +0 pair of boots melds into your body.
The gnoll sergeant hits you with a trident!
You die...

▓+▓
▓.▓
▓a▓
▓h▓
▓h▓
▓F▓
▓g▓
▓s▓
▓.▓
▓[▓
▓[▓
▓.▓
▓.▓
▓)▓
▓|▓
▓.▓


You could see a soldier ant, a black bear, a gnoll sergeant, a giant frog and a
howler monkey.

Vanquished Creatures
  A worker ant (D)
  An adder (D)
  An ooze (D)
  An adder skeleton (D)
  A worm (D)
  A dart slug (D)
  A hobgoblin (D)
  A kobold (D)
  A quokka (D)
  A giant newt (D)
  A rat (D)
11 creatures vanquished.

Notes
Turn   | Place    | Note
-------+----------+-------------------------------------------
     0 | D        | poirepourri the Draconian Transmuter began the quest for the Orb.
     0 | D        | Reached XP level 1. HP: 16/16 MP: 3/3
    17 | D        | Reached skill level 4 in Unarmed Combat
    67 | D        | Noticed a worker ant
    71 | D        | Reached XP level 2. HP: 23/23 MP: 2/5
    99 | D        | Reached skill level 5 in Unarmed Combat
    99 | D        | Reached XP level 3. HP: 24/29 MP: 3/7
   454 | D        | Learned a level 2 spell: Sticks to Snakes
   458 | D        | Learned a level 3 spell: Spider Form
   462 | D        | Found a roughly hewn altar of Beogh.
   462 | D        | Found a snail-covered altar of Cheibriados.
   462 | D        | Found a shadowy altar of Dithmenos.
   462 | D        | Found a white marble altar of Elyvilon.
   462 | D        | Found a blossoming altar of Fedhas.
   462 | D        | Found an opulent altar of Gozag.
   463 | D        | Found a hazy altar of Hepliaklqana.
   464 | D        | Found a viscous altar of Jiyva.
   465 | D        | Found an ancient bone altar of Kikubaaqudgha.
   466 | D        | Found a corrupted altar of Lugonu.
   467 | D        | Found a burning altar of Makhleb.
   468 | D        | Found a sparkling altar of Nemelex Xobeh.
   469 | D        | Found an iron altar of Okawaru.
   470 | D        | Found a stormy altar of Qazlal.
   471 | D        | Found a sacrificial altar of Ru.
   472 | D        | Found a deep blue altar of Sif Muna.
   473 | D        | Found a bloodstained altar of Trog.
   474 | D        | Found a hide-covered altar of Uskayaw.
   475 | D        | Found a radiant altar of Vehumet.
   476 | D        | Found a shimmering altar of Xom.
   477 | D        | Found a basalt altar of Yredelemnul.
   478 | D        | Found a glowing silver altar of Zin.
   479 | D        | Found a glowing golden altar of the Shining One.
   612 | D        | Became a worshipper of Uskayaw the Reveler
   666 | D        | Noticed a soldier ant
   666 | D        | Noticed a black bear
   666 | D        | Noticed a giant frog
   666 | D        | Noticed a gnoll sergeant
   668 | D        | Reached * piety under Uskayaw
   674 | D        | Reached ** piety under Uskayaw
   678 | D        | Slain by a gnoll sergeant

Vault maps used:
D:        linesprint

Skill      XL: |  1  2  3 |
---------------+----------+-----
Dodging        | 2 3 |  3.2
Unarmed Combat | 4 5 |  5.6
Fighting       | 2 |  2.1
Spellcasting   | 3 |  3.3
Transmutations | 3 |  3.1

Action                   || total
-------------------------++-------
Melee: Unarmed           ||    65
       Tailslap          ||     5
       Kick              ||     3
       Headbutt          ||     4
       Punch             ||     1
 Cast: Beastly Appendage ||     5
       Spider Form       ||     1
  Use: Potion            ||     1
Armor: Skin              ||     8
Dodge: Dodged            ||    36
